Map: Abyssal Reef LE

Players

Duttles

  • Race: Protoss Protoss
  • League: Platinum
  • Spawn Location: 11:00

Acidcacti - Winner!

  • Race: Protoss Protoss
  • Spawn Location: 5:00

VOD

Have the link to the VOD?

Description

Time

  • Played on: July 29, 2017, 2:10 p.m.
  • Length: 5:41
Show
View Real Time Build Order
Export as new Build Order

Duttles Protoss 

Build Orders:  

Get SALT Encoding   

  12  0:00  Probe (Chrono Boost)  
  13  0:11  Probe (Chrono Boost)  
  14  0:18  Pylon  
  14  0:23  Probe (Chrono Boost)  
  15  0:36  Probe (Chrono Boost)  
  15  0:39  Gateway  
  16  0:45  Assimilator  
  16  0:48  Probe (Chrono Boost)  
  17  0:54  Assimilator  
  17  0:58  Probe (Chrono Boost)  
  18  1:13  Probe (Chrono Boost)  
  19  1:25  Gateway  
  19  1:27  Cybernetics Core, Probe (Chrono Boost)  
  20  1:39  Pylon  
  19  1:50  Probe (Chrono Boost)  
  20  2:06  Stargate  
  20  2:09  Stalker  
  22  2:16  Mothership Core (Chrono Boost)  
  24  2:35  Probe (Chrono Boost)  
  25  2:45  Probe (Chrono Boost), Stalker  
  25  2:47  Warp Gate (Chrono Boost)  
  28  2:59  Stalker  
  28  3:01  Pylon  
  31  3:20  Probe (Chrono Boost)  
  31  3:23  Sentry  
  33  3:29  Void Ray (Chrono Boost)  
  37  3:53  Probe  
  38  4:04  Pylon  
  38  4:06  Pylon  
  38  4:08  Gateway  
  38  4:21  Oracle (Chrono Boost)  
  41  4:29  Gateway  
  34  4:50  Mothership Core  
  28  4:57  Stalker x2  
  27  5:10  Zealot  
  21  5:25  Stalker  
Show
View Real Time Build Order
Export as new Build Order

Acidcacti Protoss - Winner!

Build Orders:  

Get SALT Encoding   

  12  0:01  Probe (Chrono Boost)  
  13  0:11  Probe (Chrono Boost)  
  14  0:19  Pylon  
  14  0:22  Probe (Chrono Boost)  
  15  0:37  Probe (Chrono Boost)  
  15  0:39  Gateway  
  16  0:44  Assimilator  
  16  0:48  Probe (Chrono Boost)  
  17  1:04  Gateway  
  17  1:06  Probe (Chrono Boost)  
  18  1:16  Probe (Chrono Boost)  
  19  1:27  Cybernetics Core, Probe (Chrono Boost)  
  20  1:36  Pylon  
  20  1:56  Gateway  
  20  1:59  Gateway  
  20  2:04  Stalker (Chrono Boost)  
  20  2:08  Stalker (Chrono Boost)  
  24  2:12  Warp Gate (Chrono Boost)  
  24  2:22  Pylon  
  24  2:34  Stalker  
  26  2:37  Zealot  
  28  2:48  Zealot  
  28  2:49  Stalker  
  32  2:55  Pylon  
  32  3:14  Stalker  
  32  3:16  Zealot  
  36  3:22  Pylon  
  36  3:32  Stalker (Chrono Boost)  
  36  3:33  Zealot (Chrono Boost)  
  40  4:05  Stalker x2  
  44  4:11  Zealot  
  44  4:12  Zealot  
  43  4:50  Stalker x2  
  41  5:21  Stalker  
  41  5:22  Stalker  
  41  5:24  Zealot x2  
Tags
 
League
Platinum
Matchup
PvP
Spawn Locations
Cross Positions
Add a new tag
Caveats
  • Supply blocks, unpowered buildings, or Contaminate may cause inaccurate times.
  • Supply counts are checked every 10 seconds.